| TOP OF THE 1ST |
|
Greenville Spinners batting - Pitching for Anderson Rebels : LHP Joaquin Torres
|
|
Pitching: LHP Joaquin Torres
|
|
|
Batting: RHB Tony Russell
|
0-0: Swinging Strike 0-1: Ball 1-1: Called Strike 1-2: Ball 2-2: Foul Ball, location: 2F 2-2: Ball 3-2: DOUBLE (Line Drive, 7LM, EV 106.3 MPH)
|
|
Batting: RHB Darrell Woodard
|
0-0: Ball 1-0: Ball 2-0: Ball 3-0: Base on Balls
|
|
Batting: RHB Ronald Carapezzi
|
0-0: Called Strike 0-1: Foul Ball, location: 2F 0-2: DOUBLE (Line Drive, 5D, EV 101.3 MPH) Tony Russell scores Darrell Woodard to third
|
|
Batting: LHB John Edmonds
|
0-0: Called Strike 0-1: Fly out, F8 (Flyball, 8LM, EV 92.5 MPH)
|
|
Batting: RHB Glenn Robertson
|
0-0: Ball 1-0: Ball 2-0: Ball 3-0: Called Strike 3-1: SINGLE (Line Drive, 7S, EV 102.5 MPH) Darrell Woodard scores Ronald Carapezzi to third
|
|
Batting: RHB Richard Duran
|
0-0: Ball 1-0: Called Strike 1-1: Foul Ball, location: 2F 1-2: Ball 2-2: Fly out, F8 (Flyball, 78D, EV 93.1 MPH) Runner from 3rd tags up, SCORES, throw by CF
|
|
Batting: RHB Michael McEvilly
|
0-0: Fly out, F3 (Popup, 3, EV 75.6 MPH)
|
| Top of the 1st over - 3 runs, 3 hits, 0 errors, 1 left on base; Greenville 3 - Anderson 0 |
| BOTTOM OF THE 1ST |
|
Anderson Rebels batting - Pitching for Greenville Spinners : RHP Linvel Mosby
|
|
Pitching: RHP Linvel Mosby
|
|
|
Batting: RHB Henry Cotto
|
0-0: SINGLE (Groundball, 25, EV 70.0 MPH) (infield hit)
|
|
Batting: RHB Mike Gallego
|
0-0: Foul Ball, location: 2F 0-1: Ball 1-1: Ball 2-1: Foul Ball, location: 2F 2-2: Ball 3-2: Fly out, F7 (Flyball, 7LM, EV 90.6 MPH)
|
|
Batting: RHB Rick Schu
|
0-0: Swinging Strike 0-1: Called Strike 0-2: Ball 1-2: Ball 2-2: Ball 3-2: Grounds into double play, 5-4-3 (Groundball, 56, EV 85.6 MPH)
|
| Bottom of the 1st over - 0 runs, 1 hit, 0 errors, 0 left on base; Greenville 3 - Anderson 0 |
| TOP OF THE 2ND |
|
Greenville Spinners batting - Pitching for Anderson Rebels : LHP Joaquin Torres
|
|
Batting: LHB Tim Jordan
|
0-0: Ball 1-0: Ground out 4-3 (Groundball, 34D, EV 103.1 MPH)
|
|
Batting: RHB Luis Salazar
|
0-0: Ball 1-0: Ground out U3 (Groundball, 34, EV 78.8 MPH)
|
|
Batting: RHB Tony Russell
|
0-0: Ball 1-0: Called Strike 1-1: Ball 2-1: SINGLE (Flyball, 89S, EV 86.3 MPH)
|
|
Batting: RHB Darrell Woodard
|
0-0: Ball 1-0: Ground out 5-3 (Groundball, 56, EV 86.3 MPH)
|
| Top of the 2nd over - 0 runs, 1 hit, 0 errors, 1 left on base; Greenville 3 - Anderson 0 |
| BOTTOM OF THE 2ND |
|
Anderson Rebels batting - Pitching for Greenville Spinners : RHP Linvel Mosby
|
|
Batting: RHB Mike Brewer
|
0-0: Ball 1-0: Called Strike 1-1: Called Strike 1-2: Ball 2-2: Ball 3-2: Base on Balls
|
|
Batting: RHB Todd Demeter
|
0-0: Called Strike 0-1: Foul Ball, location: 2F 0-2: Foul Ball, location: 2F 0-2: Ball 1-2: Foul Ball, location: 2F 1-2: Ball 2-2: Ball 3-2: Fly out, F9 (Flyball, 89M, EV 90.6 MPH)
|
|
Batting: RHB Bob Brower
|
0-0: Ball 1-0: Foul Ball, location: 2F 1-1: Swinging Strike 1-2: Fly out, F9 (Line Drive, 9, EV 93.8 MPH)
|
|
Batting: RHB Pat Dempsey
|
0-0: Called Strike 0-1: Fly out, F8 (Flyball, 8LS, EV 90.0 MPH)
|
| Bottom of the 2nd over - 0 runs, 0 hits, 0 errors, 1 left on base; Greenville 3 - Anderson 0 |
| TOP OF THE 3RD |
|
Greenville Spinners batting - Pitching for Anderson Rebels : LHP Joaquin Torres
|
|
Batting: RHB Ronald Carapezzi
|
0-0: Ball 1-0: Called Strike 1-1: Ground out 5-3 (Groundball, 5, EV 86.3 MPH)
|
|
Batting: LHB John Edmonds
|
0-0: SINGLE (Groundball, 6MD, EV 106.3 MPH)
|
|
Batting: RHB Glenn Robertson
|
0-0: Called Strike 0-1: Fly out, F8 (Flyball, 78D, EV 89.4 MPH)
|
|
Batting: RHB Richard Duran
|
0-0: Ball 1-0: Ball 2-0: Called Strike 2-1: Ball 3-1: Foul Ball, location: 2F 3-2: Strikes out swinging
|
| Top of the 3rd over - 0 runs, 1 hit, 0 errors, 1 left on base; Greenville 3 - Anderson 0 |
| BOTTOM OF THE 3RD |
|
Anderson Rebels batting - Pitching for Greenville Spinners : RHP Linvel Mosby
|
|
Batting: RHB Jose Bernhardt
|
0-0: Ball 1-0: Foul Ball, location: 2F 1-1: Ball 2-1: Foul Ball, location: 2F 2-2: Fly out, F4 (Popup, 4S, EV 88.1 MPH)
|
|
Batting: RHB Hector Ordonez
|
0-0: Ball 1-0: Foul Ball, location: 2F 1-1: Foul Ball, location: 2F 1-2: Foul Ball, location: 2F 1-2: Ball 2-2: SINGLE (Flyball, 8RS, EV 98.8 MPH)
|
|
Batting: RHB Henry Cotto
|
0-0: Fly out, F8 (Flyball, 8RXD, EV 103.1 MPH)
|
|
Batting: RHB Mike Gallego
|
0-0: Ball 1-0: Called Strike 1-1: Ground out 4-3 (Groundball, 4, EV 100.0 MPH)
|
| Bottom of the 3rd over - 0 runs, 1 hit, 0 errors, 1 left on base; Greenville 3 - Anderson 0 |
| TOP OF THE 4TH |
|
Greenville Spinners batting - Pitching for Anderson Rebels : LHP Joaquin Torres
|
|
Batting: RHB Michael McEvilly
|
0-0: Called Strike 0-1: Ball 1-1: Called Strike 1-2: Foul Ball, location: 2F 1-2: SINGLE (Groundball, 6S, EV 68.8 MPH) (infield hit)
|
|
Batting: LHB Tim Jordan
|
0-0: Called Strike 0-1: Ball 1-1: Ball 2-1: Foul Ball, location: 2F 2-2: Strikes out looking
|
|
Batting: RHB Luis Salazar
|
0-0: Ball 1-0: Fly out, F8 (Flyball, 78D, EV 85.6 MPH)
|
|
Batting: RHB Tony Russell
|
0-0: Ball 1-0: Ball 2-0: Called Strike 2-1: Ground out 4-3 (Groundball, 4, EV 98.8 MPH)
|
| Top of the 4th over - 0 runs, 1 hit, 0 errors, 1 left on base; Greenville 3 - Anderson 0 |
| BOTTOM OF THE 4TH |
|
Anderson Rebels batting - Pitching for Greenville Spinners : RHP Linvel Mosby
|
|
Batting: RHB Rick Schu
|
0-0: Ball 1-0: DOUBLE (Flyball, 78XD, EV 115.6 MPH)
|
|
Batting: RHB Mike Brewer
|
0-0: Ball 1-0: Ball 2-0: Ball 3-0: Base on Balls
|
|
Batting: RHB Todd Demeter
|
0-0: Called Strike 0-1: Ball 1-1: Fly out, F3 (Popup, 34, EV 71.3 MPH)
|
|
Batting: RHB Bob Brower
|
0-0: Ball 1-0: Ball 2-0: SINGLE (Flyball, 8LS, EV 95.0 MPH) Rick Schu to third Mike Brewer to second Runner from 3rd tries for Home, SAFE, throw by CF to home
|
|
Batting: RHB Pat Dempsey
|
0-0: Ball 1-0: Swinging Strike 1-1: Ball 2-1: Foul Ball, location: 2F 2-2: Strikes out swinging
|
|
Batting: RHB Jose Bernhardt
|
0-0: Fly out, F8 (Line Drive, 8RM, EV 93.1 MPH)
|
| Bottom of the 4th over - 1 run, 2 hits, 0 errors, 2 left on base; Greenville 3 - Anderson 1 |
| TOP OF THE 5TH |
|
Greenville Spinners batting - Pitching for Anderson Rebels : LHP Joaquin Torres
|
|
Batting: RHB Darrell Woodard
|
0-0: Ball 1-0: Called Strike 1-1: Called Strike 1-2: Foul Ball, location: 2F 1-2: SINGLE (Flyball, 8RS, EV 95.0 MPH)
|
|
Batting: RHB Ronald Carapezzi
|
0-0: Ball 1-0: Ball 2-0: Ball 3-0: Called Strike 3-1: Base on Balls Darrell Woodard to second
|
|
Batting: LHB John Edmonds
|
0-0: Swinging Strike 0-1: Ball 1-1: Ball Darrell Woodard steals 3rd, throwing error, E2 Darrell Woodard scores Ronald Carapezzi to third 2-1: Foul Ball, location: 2F 2-2: Strikes out swinging
|
|
Batting: RHB Glenn Robertson
|
0-0: Hit by Pitch
|
|
Batting: RHB Richard Duran
|
0-0: Fly out, F8 (Flyball, 78M, EV 97.5 MPH) Runner from 3rd tags up, SCORES, throw by CF
|
|
Batting: RHB Michael McEvilly
|
0-0: Ball 1-0: Called Strike 1-1: Ball 2-1: Fielders Choice at 2nd, 6-4 (Groundball, 6, EV 86.3 MPH)
|
| Top of the 5th over - 2 runs, 1 hit, 1 error, 1 left on base; Greenville 5 - Anderson 1 |
| BOTTOM OF THE 5TH |
|
Anderson Rebels batting - Pitching for Greenville Spinners : RHP Linvel Mosby
|
|
Batting: RHB Hector Ordonez
|
0-0: Foul Ball, location: 2F 0-1: Ball 1-1: Ball 2-1: Called Strike 2-2: Strikes out swinging
|
|
Batting: RHB Henry Cotto
|
0-0: Ball 1-0: Ground out 4-3 (Groundball, 4M, EV 97.5 MPH)
|
|
Batting: RHB Mike Gallego
|
0-0: Ball 1-0: Called Strike 1-1: Ball 2-1: Ball 3-1: Foul Ball, location: 2F 3-2: Strikes out swinging
|
| Bottom of the 5th over - 0 runs, 0 hits, 0 errors, 0 left on base; Greenville 5 - Anderson 1 |
| TOP OF THE 6TH |
|
Greenville Spinners batting - Pitching for Anderson Rebels : LHP Joaquin Torres
|
|
Batting: LHB Tim Jordan
|
0-0: Ball 1-0: Ball 2-0: Called Strike 2-1: Reached on error, E2 (Groundball, 2L, EV 68.1 MPH)
|
|
Batting: RHB Luis Salazar
|
0-0: Ball 1-0: Bunt missed! 1-1: Bunt missed! 1-2: Ball 2-2: Ball 3-2: Foul Ball, location: 2F 3-2: Strikes out looking Tim Jordan steals 2nd base Batter strikes out.
|
|
Batting: RHB Tony Russell
|
0-0: Ball 1-0: Swinging Strike 1-1: Fly out, F9 (Flyball, 9S, EV 91.9 MPH)
|
|
Batting: RHB Darrell Woodard
|
0-0: Called Strike 0-1: Ball 1-1: Ball 2-1: Called Strike 2-2: Fly out, F9 (Flyball, 9LM, EV 86.9 MPH)
|
| Top of the 6th over - 0 runs, 0 hits, 1 error, 1 left on base; Greenville 5 - Anderson 1 |
| BOTTOM OF THE 6TH |
|
Anderson Rebels batting - Pitching for Greenville Spinners : RHP Linvel Mosby
|
|
Batting: RHB Rick Schu
|
0-0: Ball 1-0: Ball 2-0: Ball 3-0: Called Strike 3-1: Foul Ball, location: 2F 3-2: Fly out, F6 (Popup, 6, EV 58.1 MPH)
|
|
Batting: RHB Mike Brewer
|
0-0: Called Strike 0-1: Foul Ball, location: 2F 0-2: Ball 1-2: Ground out 6-3 (Groundball, 6, EV 83.8 MPH)
|
|
Batting: RHB Todd Demeter
|
0-0: Called Strike 0-1: Swinging Strike 0-2: Strikes out looking
|
| Bottom of the 6th over - 0 runs, 0 hits, 0 errors, 0 left on base; Greenville 5 - Anderson 1 |
| TOP OF THE 7TH |
|
Greenville Spinners batting - Pitching for Anderson Rebels : LHP Joaquin Torres
|
|
Batting: RHB Ronald Carapezzi
|
0-0: Foul Ball, location: 2F 0-1: Ball 1-1: Foul Ball, location: 2F 1-2: Foul Ball, location: 2F 1-2: Ball 2-2: Strikes out swinging
|
|
Batting: LHB John Edmonds
|
0-0: Fly out, F9 (Flyball, 89S, EV 76.9 MPH)
|
|
Batting: RHB Glenn Robertson
|
0-0: Ground out 5-3 (Groundball, 56, EV 87.5 MPH)
|
| Top of the 7th over - 0 runs, 0 hits, 0 errors, 0 left on base; Greenville 5 - Anderson 1 |
| BOTTOM OF THE 7TH |
|
Anderson Rebels batting - Pitching for Greenville Spinners : RHP Linvel Mosby
|
|
Batting: RHB Bob Brower
|
0-0: SINGLE (Flyball, 34D, EV 86.3 MPH)
|
|
Batting: RHB Pat Dempsey
|
0-0: Fly out, F6 (Popup, 6MD, EV 62.5 MPH)
|
|
Batting: RHB Jose Bernhardt
|
0-0: Ball Bob Brower steals 2nd base (no throw) 1-0: Called Strike 1-1: Ground out 5-3 (Groundball, 56, EV 99.4 MPH)
|
|
Batting: RHB Hector Ordonez
|
0-0: Ball 1-0: Swinging Strike 1-1: Foul Ball, location: 2F 1-2: Foul Ball, location: 2F 1-2: Ground out 6-3 (Groundball, 6, EV 83.8 MPH)
|
| Bottom of the 7th over - 0 runs, 1 hit, 0 errors, 1 left on base; Greenville 5 - Anderson 1 |
| TOP OF THE 8TH |
|
Greenville Spinners batting - Pitching for Anderson Rebels : LHP Joaquin Torres
|
|
Batting: RHB Richard Duran
|
0-0: Foul Ball, location: 2F 0-1: Ball 1-1: Ground out 3-1 (Groundball, 34, EV 103.8 MPH)
|
|
Batting: RHB Michael McEvilly
|
0-0: Called Strike 0-1: Ball 1-1: Ball 2-1: Ball 3-1: Called Strike 3-2: Foul Ball, location: 2F 3-2: Base on Balls
|
|
Pitching: RHP Steven Smith
|
|
|
Batting: LHB Tim Jordan
|
0-0: Foul Ball, location: 2F 0-1: Foul Ball, location: 2F 0-2: Strikes out looking
|
|
Batting: RHB Luis Salazar
|
0-0: Called Strike Michael McEvilly steals 2nd base 0-1: SINGLE (Groundball, 4D, EV 102.5 MPH) Michael McEvilly to third Runner from 3rd tries for Home, SAFE, throw by CF to home
|
|
Batting: RHB Tony Russell
|
0-0: Ball 1-0: Ball 2-0: Called Strike 2-1: Ball 3-1: Called Strike 3-2: Fly out, F9 (Flyball, 9LS, EV 87.5 MPH)
|
| Top of the 8th over - 1 run, 1 hit, 0 errors, 1 left on base; Greenville 6 - Anderson 1 |
| BOTTOM OF THE 8TH |
|
Anderson Rebels batting - Pitching for Greenville Spinners : RHP Linvel Mosby
|
|
Batting: RHB Henry Cotto
|
0-0: Ball 1-0: Called Strike 1-1: Swinging Strike 1-2: Ball 2-2: Foul Ball, location: 2F 2-2: Ball 3-2: Base on Balls
|
|
Batting: RHB Mike Gallego
|
0-0: Ball 1-0: Reached on error, E1 (Groundball, 25, EV 66.9 MPH) Henry Cotto to second
|
|
Batting: RHB Rick Schu
|
0-0: Called Strike 0-1: Swinging Strike 0-2: Ball 1-2: Ball 2-2: Strikes out looking
|
|
Batting: RHB Mike Brewer
|
0-0: Ball 1-0: Swinging Strike 1-1: Foul Ball, location: 2F 1-2: Strikes out swinging
|
|
Batting: RHB Todd Demeter
|
0-0: Ball 1-0: Ball 2-0: Fly out, F7 (Flyball, 7, EV 86.3 MPH)
|
| Bottom of the 8th over - 0 runs, 0 hits, 1 error, 2 left on base; Greenville 6 - Anderson 1 |
| TOP OF THE 9TH |
|
Greenville Spinners batting - Pitching for Anderson Rebels : RHP Steven Smith
|
|
Batting: RHB Darrell Woodard
|
0-0: Called Strike 0-1: Ball 1-1: Called Strike 1-2: Ball 2-2: SINGLE (Groundball, 6MD, EV 100.0 MPH)
|
|
Batting: RHB Ronald Carapezzi
|
0-0: Swinging Strike 0-1: Foul Ball, location: 2F 0-2: Ball 1-2: Strikes out swinging
|
|
Batting: LHB John Edmonds
|
0-0: Foul Ball, location: 2F 0-1: Foul Ball, location: 2F 0-2: Ball 1-2: Ball 2-2: Foul Ball, location: 2F 2-2: Foul Ball, location: 2F 2-2: Foul Ball, location: 2F 2-2: Strikes out swinging
|
|
Batting: RHB Glenn Robertson
|
0-0: Called Strike 0-1: Ball 1-1: Ball 2-1: Called Strike 2-2: Foul Ball, location: 2F 2-2: Ball 3-2: Fly out, F8 (Flyball, 8RD, EV 100.0 MPH)
|
| Top of the 9th over - 0 runs, 1 hit, 0 errors, 1 left on base; Greenville 6 - Anderson 1 |
| BOTTOM OF THE 9TH |
|
Anderson Rebels batting - Pitching for Greenville Spinners : RHP Linvel Mosby
|
|
Batting: RHB Bob Brower
|
0-0: Foul Ball, location: 2F 0-1: Called Strike 0-2: Foul Ball, location: 2F 0-2: Foul Ball, location: 2F 0-2: Strikes out looking
|
|
Batting: RHB Pat Dempsey
|
0-0: Ball 1-0: Called Strike 1-1: DOUBLE (Flyball, 8RD, EV 100.6 MPH)
|
|
Batting: RHB Jose Bernhardt
|
0-0: Called Strike 0-1: Called Strike 0-2: Ball 1-2: Ball 2-2: Ball 3-2: Ground out 6-3 (Groundball, 6, EV 88.1 MPH)
|
|
Batting: RHB Hector Ordonez
|
0-0: Ground out 6-3 (Groundball, 6, EV 83.1 MPH)
|
| Bottom of the 9th over - 0 runs, 1 hit, 0 errors, 1 left on base; Greenville 6 - Anderson 1 |
|